 Dungeon Crawl Stone Soup version 0.28.0-53-g5a82cb258f (webtiles) character file.

Game seed: 308998538625087060

5341 kudzoo the Thaumaturge (level 10, -2/73 HPs)
             Began as a Djinni Fire Elementalist on Aug 1, 2022.
             Was an Initiate of Makhleb.
             Killed themself with a badly aimed iceblast (7 damage)
             ... on level 8 of the Dungeon.
             The game lasted 02:00:07 (8685 turns).

kudzoo the Thaumaturge (Djinni Fire Elementalist)   Turns: 8685, Time: 02:00:07

Health: -2/73      AC:  6    Str:  7    XL:     10   Next: 96%
Gold:   214        EV: 13    Int: 26    God:    Makhleb [......] SH:  0 Dex: 15

rFire   + + +      SeeInvis .   d - +0 dagger
rCold   x . .      Faith    .   (no shield)
rNeg    . . .      Spirit   .   L - +2 robe {rF+}
rPois   ∞          Reflect  .   u - +1 helmet
rElec   .          Harm     .   (no cloak)
rCorr   .          Rampage  .   (no gloves)
Will    +....                   (boots unavailable)
Stlth   ++........              (no amulet)
HPRegen 0.22/turn               w - +6 ring of intelligence
MPRegen 0.00/turn               (no ring)

@: flying
A: sickness immunity, fire resistance 2, cold vulnerability 1, float, innate
caster, HP casting, extra vitality 1
a: Renounce Religion


You were on level 8 of the Dungeon.
You worshipped Makhleb.
Makhleb was noncommittal.
You visited 2 branches of the dungeon, and saw 10 of its levels.
You also visited: Sewer.

You collected 250 gold pieces.
You spent 36 gold pieces at shops.

Inventory:

Hand Weapons
 d - a +0 dagger (weapon)
 l - a +0 hunting sling
 z - a +3 great sword
 K - a +3 scimitar
 M - a +1 great sword
 O - a +0 arbalest
Missiles
 e - 24 bolts
 f - 296 stones
 k - 2 boomerangs
 s - 27 poisoned darts
 v - 58 arrows
 C - 3 throwing nets
 Q - 9 atropa-tipped darts
Armour
 a - a +0 robe
 u - a +1 helmet (worn)
 L - a +2 robe of fire resistance (worn)
 P - a +2 ring mail of willpower
 R - a +0 chain mail of willpower
Jewellery
 n - a ring of magical power
 w - a +6 ring of intelligence (left hand)
Wands
 A - a wand of digging (7)
 S - a wand of iceblast (1)
 V - a wand of acid (3)
Scrolls
 b - 3 scrolls of identify {unknown}
 c - 2 scrolls of enchant armour {unknown}
 i - 3 scrolls of amnesia
 j - a scroll of summoning {unknown}
 o - a scroll of silence {unknown}
 p - a scroll of immolation {unknown}
 q - 4 scrolls of teleportation {unknown}
 r - a scroll of magic mapping {unknown}
 y - 2 scrolls of vulnerability {unknown}
 E - a scroll of acquirement {unknown}
 I - 2 scrolls of brand weapon {unknown}
 J - 3 scrolls of holy word {unknown}
 U - a scroll of fear {unknown}
 Y - a scroll of noise {unknown}
 Z - a scroll of torment {unknown}
Potions
 g - a potion of might {unknown}
 h - a potion of flight {unknown}
 m - 5 potions of curing
 t - 3 potions of lignification {unknown}
 x - 2 potions of mutation {unknown}
 B - 2 potions of heal wounds {unknown}
 D - a potion of invisibility
 F - a potion of cancellation {unknown}
 H - a potion of haste
 N - a potion of berserk rage {unknown}
 T - a potion of magic {unknown}
 W - a potion of degeneration {unknown}
 X - a potion of attraction {unknown}
Miscellaneous
 G - a box of beasts (inert)


   Skills:
 * Level 6.5 Fighting
 + Level 0.4 Short Blades
 + Level 4.2 Dodging
 + Level 3.3 Stealth
 + Level 10.5 Spellcasting


You had 8 spell levels left.
You knew the following spells:

 Your Spells              Type           Power      Damage    Failure   Level
a - Foxfire               Conj/Fire      100%       2x1d9     1%          1
b - Scorch                Fire           100%       2d10      1%          2
c - Conjure Flame         Conj/Fire      62%        6-21      1%          3
d - Inner Flame           Hex/Fire       62%        N/A       1%          3
e - Flame Wave            Conj/Fire      62%        2d12      1%          4
f - Sting                 Tmut/Pois      100%       1d8       1%          1
g - Ensorcelled Hibernat  Hex/Ice        100%       N/A       1%          2
h - Tukima's Dance        Hex            62%        N/A       1%          3
i - Lesser Beckoning      Tloc           62%        N/A       1%          3
Your spell library was empty.

Dungeon Overview and Level Annotations

Branches:
Dungeon (9/15)             Temple (1/1) D:6           Sewer (visited)
   Lair: D:8-11         Orc: D:9-12

Altars:
Cheibriados
Dithmenos
Elyvilon
Hepliaklqana
Kikubaaqudgha
Makhleb
Nemelex Xobeh
Okawaru
Qazlal
Ru
Sif Muna
Trog
Uskayaw
Vehumet
Wu Jian
Xom
Yredelemnul
The Shining One

Shops:
D:4 *   D:5 [

Annotations:
D:9 efreet


Innate Abilities, Weirdness & Mutations

You are immune to sickness and miasma.
You are immune to poison.
Your flesh is very heat resistant. (rF++)
You are vulnerable to cold. (rC-)
You float through the air rather than walking.
You learn spells naturally, not from books.
Your magical power is your life essence.
You have superior vitality. (+4 MHP)


Message History

Something barely misses your larval batsting beast.
Something hits your larval batsting beast.
Something barely misses your larval batsting beast.
Something hits your larval batsting beast.
Something hits your larval batsting beast but does no damage.
Something hits your larval batsting beast but does no damage.
Something barely misses your larval batsting beast.
Something hits your larval batsting beast but does no damage.
Something barely misses your larval batsting beast.
Something hits your larval batsting beast!
Something hits your larval batsting beast.
Your larval batsting beast dies!
Your larval batsting beast's corpse disappears in a puff of smoke!
Something hits you. Something hits you!
* * * LOW HITPOINT WARNING * * *
Something hits you!
* * * LOW HITPOINT WARNING * * *
Something hits you.
* * * LOW HITPOINT WARNING * * *
There is a stone staircase leading up here.
Something hits you but does no damage. Something hits you.
* * * LOW HITPOINT WARNING * * *
You fly upwards.
Reactivating autopickup.
There is a stone staircase leading down here.
You start resting.
Something hits you but does no damage.
Deactivating autopickup; reactivate with Ctrl-A.
Something hits you.
* * * LOW HITPOINT WARNING * * *
Okay, then.
You hit something but do no damage. Something completely misses you.
Something hits you but does no damage.
Something hits you but does no damage. x2
Something hits you but does no damage.
Aiming: Iceblast
Press: ? - help, Shift-Dir - straight line The mass of ice explodes!
The iceblast engulfs something!
The iceblast engulfs you!
You feel a painful chill!
You die...

#.#...............#
###'######..........# .....#
#..........# .....# #..........#
.....# #..........#############
###+######..........#............
.........[.........##............
###.......###.####.##............
................@...>............
..#######.#########..............
..# #.#########.............. ..#
#.##.....###............. ..#
#.##...#.# #............. ..#
#.##...#.# #.......<..... ..#
#.##...#.# ##.########### ..#
#.##...#.# #..#
..#######+##...#.# ##.##


There were no monsters in sight!

Vanquished Creatures
  Harold (D:7)
  Grinder (Sewer)
  2 hornets
  A shadow (D:8)
  8 yaks
  A wyvern (D:9)
  2 steam dragons
  A black bear (D:7)
  3 ogres
  A kobold brigand (D:8)
  2 phantoms
  5 bullfrogs
  4 scorpions
  A water moccasin skeleton (D:5)
  4 killer bees (D:8)
  6 wights
  A centaur zombie (D:5)
  A jelly (D:5)
  3 hounds
  2 bullfrog zombies (D:6)
  A bullfrog skeleton (D:6)
  2 centaur skeletons (D:4)
  An iguana (D:7)
  A hound zombie (D:5)
  2 hound skeletons
  9 adders
  8 shadow imps
  A white imp (D:5)
  4 ufetubi (Sewer)
  An adder zombie (D:5)
  A dart slug (D:4)
  3 worms
  8 orcs
  A bat zombie (Sewer)
  11 endoplasms
  3 giant cockroaches
  5 goblins
  9 hobgoblins
  9 jackals
  19 kobolds
  3 quokkas
  11 ball pythons
  10 bats
  3 frilled lizards
  A giant cockroach zombie (Sewer)
  6 rats
183 creatures vanquished.

Vanquished Creatures (collateral kills)
  2 orc warriors (D:7)
  A jelly (D:6)
  2 orcs (D:7)
5 creatures vanquished.

Vanquished Creatures (others)
  A dancing weapon (D:7)
  386 foxfires
  2 plants (D:6)
389 creatures vanquished.

Grand Total: 577 creatures vanquished

Notes
Turn   | Place    | Note
-------+----------+-------------------------------------------
     0 | D:1      | kudzoo the Djinni Fire Elementalist began the quest for the
                  | Orb.
     0 | D:1      | Reached XP level 1. HP: 15/15 MP: 0/0
   101 | D:1      | Reached XP level 2. HP: 11/21 MP: 0/0
   525 | D:2      | Reached skill level 3 in Spellcasting
   825 | D:1      | Reached XP level 3. HP: 24/25 MP: 0/0
   825 | D:1      | Learned a level 1 spell: Sting
  1246 | D:4      | Noticed a scorpion
  1571 | D:2      | Reached XP level 4. HP: 28/31 MP: 0/0
  2183 | D:4      | Reached skill level 1 in Fighting
  2183 | D:4      | Reached XP level 5. HP: 26/37 MP: 0/0
  2183 | D:4      | Learned a level 2 spell: Ensorcelled Hibernation
  2312 | D:4      | Reached skill level 4 in Spellcasting
  2312 | D:4      | Reached XP level 6. HP: 30/43 MP: 0/0
  2497 | D:5      | Entered Level 5 of the Dungeon
  2530 | D:4      | Found Igipiena's CLEARANCE SALE!.
  2532 | D:4      | Bought 2 potions of curing for 36 gold pieces
  2539 | D:4      | Noticed an ogre
  2571 | D:4      | Killed an ogre
  2807 | D:4      | Reached XP level 7. HP: 28/49 MP: 0/0
  2807 | D:4      | Learned a level 3 spell: Tukima's Dance
  3185 | D:4      | Reached skill level 5 in Spellcasting
  3199 | D:5      | Found Doajaeze's Antique Armour Emporium.
  4057 | D:6      | Reached XP level 8. HP: 48/56 MP: 0/0
  4115 | D:6      | Found a glowing drain.
  4128 | Sewer    | Entered a sewer
  4230 | Sewer    | Reached skill level 6 in Spellcasting
  4386 | Sewer    | Noticed Grinder
  4389 | Sewer    | Killed Grinder
  4765 | D:7      | Noticed Harold
  4813 | D:6      | Found a stormy altar of Qazlal.
  5051 | D:6      | Reached skill level 7 in Spellcasting
  5051 | D:6      | Reached XP level 9. HP: 53/62 MP: 0/0
  5051 | D:6      | Learned a level 3 spell: Lesser Beckoning
  5488 | D:6      | Found a staircase to the Ecumenical Temple.
  5501 | Temple   | Entered the Ecumenical Temple
  5678 | Temple   | Became a worshipper of Makhleb the Destroyer
  5967 | D:7      | Reached skill level 8 in Spellcasting
  6246 | D:7      | Noticed a hornet
  6255 | D:7      | Killed a hornet
  6367 | D:7      | Reached skill level 5 in Fighting
  6446 | D:7      | HP: 1/65 [Harold/bolt of acid (33)]
  6452 | D:7      | HP: 2/65 [Harold (10)]
  6462 | D:7      | Killed Harold
  6463 | D:7      | Reached skill level 9 in Spellcasting
  6463 | D:7      | Reached XP level 10. HP: 11/70 MP: 0/0
  7891 | D:9      | Noticed an efreet
  8069 | D:9      | Reached skill level 10 in Spellcasting
  8685 | D:8      | Killed themself with a badly aimed iceblast

Illustrated notes

Levels and vault maps discovered:
D:1:      ncdulo_halloftheorcs, layout_rooms
D:2:      layout_loops_ring
D:3:      layout_basic, serial_glass, glass_columns_c, glass_columns_a
D:4:      layout_basic, minmay_misc_feat_cross, nicolae_shop_clearance
D:5:      lemuel_ice_spiral_2, layout_rooms, serial_shops, shop
D:6:      layout_basic, nicolae_qazlal_scattered_showers,
          minmay_temple_entry_gardened_gates, portal_sewer_entry_d,
          hangedman_abyss_or_decor_stagger
D:7:      layout_cave_pools, uniq_harold
D:8:      layout_basic, serial_bayou_crossing
D:9:      layout_loops_ring, lemuel_tele_altar, mainiacjoe_overflow_swirl,
          uniq_joseph
Temple:   bh_familiar_temple

Skill      XL: |  1  2  3  4  5  6  7  8  9 10 |
---------------+-------------------------------+-----
Spellcasting   | 3 4 5 7 9 10 | 10.5
Fighting       | 1 2 3 4 5 6 |  6.5
Stealth        | 2 3 |  3.3
Dodging        | 3 4 |  4.2
Short Blades   | |  0.4

Action                   |  1- 3 |  4- 6 |  7- 9 | 10-12 || total
-------------------------+-------+-------+-------+-------++-------
Melee: Dagger            |       |       |     1 |     4 ||     5
 Cast: Foxfire           |    53 |    38 |   107 |    32 ||   230
       Scorch            |       |    18 |    81 |    42 ||   141
       Sting             |       |     6 |    20 |    13 ||    39
       Ensorcelled Hiber |       |     2 |       |       ||     2
       Conjure Flame     |       |     1 |       |     5 ||     6
       Tukima's Dance    |       |       |    11 |       ||    11
Evoke: Box of beasts     |       |       |       |     1 ||     1
  Use: Potion            |       |       |     3 |       ||     3
       Scroll            |       |       |     1 |       ||     1
Armor: Robe              |     6 |     4 |    15 |    17 ||    42
Dodge: Dodged            |     7 |    19 |    53 |    10 ||    89
